 Dungeon Crawl Stone Soup version 0.30-a0-1066-g63dfefce0d (webtiles) character file.

Game seed: 7626867994735999528

405 greynaab the Insei (level 6, -1/38 HPs)
             Began as an Octopode Transmuter on Apr 12, 2023.
             Was a Follower of Cheibriados.
             Slain by an ufetubus (4 damage)
             ... on level 5 of the Dungeon.
             The game lasted 00:08:16 (3251 turns).

greynaab the Insei (Octopode Transmuter)            Turns: 3251, Time: 00:08:16

Health: -1/38      AC: -11   Str: 12      XL:     6   Next: 87%
Magic:  10/11      EV: 13    Int: 18 (20) God:    Cheibriados [*.....]
Gold:   262        SH:  5    Dex: 16      Spells: 3/12 levels left

rFire   . . .      SeeInvis +      - Unarmed
rCold   . . .      Faith    .    b - +0 buckler
rNeg    . . .      Spirit   .    (helmet currently unavailable)
rPois   .          Reflect  .    (no amulet)
rElec   .          Rampage  .    i - ring of see invisible
rCorr   .                        (no ring)
Will    .....                    (no ring)
Stlth   ++                       (no ring)
HPRegen 0.26/turn                (no ring)
MPRegen 0.12/turn                (no ring)
                                 (no ring)
                                 (no ring)

@: appendages, corroded, very slow
A: tentacle spike 3, almost no armour, amphibious, 8 rings, camouflage 1,
gelatinous body 1, (nimble swimmer 1), tentacles, deterioration 1
a: End Transformation, Renounce Religion, Bend Time


You were on level 5 of the Dungeon.
You worshipped Cheibriados.
Cheibriados was aware of your devotion.
One of your tentacles had grown a beastly spike.
You visited 1 branch of the dungeon, and saw 5 of its levels.

You collected 262 gold pieces.

Inventory:

Missiles
 j - 8 boomerangs (quivered)
Armour
 b - a +0 buckler (worn)
Jewellery
 i - a ring of see invisible (left tentacle)
 w - a ring of positive energy
Wands
 v - a wand of iceblast (4)
Scrolls
 c - 4 scrolls of identify {unknown}
 f - 2 scrolls of blinking {unknown}
 h - a scroll of summoning {unknown}
 k - a scroll of enchant armour {unknown}
 m - a scroll of acquirement {unknown}
 o - 4 scrolls of teleportation {unknown}
 p - a scroll of fear {unknown}
 t - a scroll of poison {unknown}
Potions
 a - a potion of invisibility {unknown}
 d - a potion of berserk rage {unknown}
 e - 2 potions of mutation
 g - a potion of might
 l - a potion of resistance {unknown}
 n - a potion of flight {unknown}
 q - a potion of degeneration {unknown}
 r - a potion of heal wounds
 s - 2 potions of curing {unknown}
 u - a potion of brilliance {unknown}


   Skills:
 - Level 1.0 Fighting
 - Level 2.0 Dodging
 + Level 2.9 Shields
 + Level 4.5 Unarmed Combat
 + Level 3.6 Spellcasting
 + Level 4.0 Transmutations


You had 3 spell levels left.
You knew the following spells:

 Your Spells              Type           Power      Damage    Failure   Level
a - Beastly Appendage     Tmut           34%        N/A       4%          1
b - Blade Hands           Tmut           8%         N/A       73%         5
c - Spider Form           Tmut/Pois      10%        N/A       26%         3

Your spell library contained the following spells:

 Spells                   Type           Power      Damage    Failure   Level
 Wereblood                Tmut           17%        N/A       6%          2
 Magic Dart               Conj           12%        1d3       21%         1
 Slow                     Hex            12%        N/A       21%         1
 Summon Small Mammal      Summ           12%        N/A       21%         1
 Searing Ray              Conj           6%         2d4       30%         2
 Call Canine Familiar     Summ           3%         N/A       52%         3
 Confusing Touch          Hex            3%         N/A       52%         3
 Summon Guardian Golem    Hex/Summ       3%         N/A       52%         3
 Vampiric Draining        Necr           3%         2d6       52%         3
 Ice Form                 Ice/Tmut       10%        N/A       65%         4
 Fulminant Prism          Conj/Hex       1%         3d5       90%         4
 Iron Shot                Conj/Erth      1%         9d1       100%        6
 Animate Armour           Summ/Erth      Unusable   N/A       N/A         4

Dungeon Overview and Level Annotations

Branches:
Dungeon (5/15) Zot: 40408
 Temple: D:4-7

Altars:
Cheibriados
Okawaru
Vehumet

Shops:
D:5 *


Innate Abilities, Weirdness & Mutations

One of your tentacles has grown a beastly spike.
You cannot wear most types of armour.
You are amphibious.
You can wear up to eight rings at the same time.
Your skin changes colour to match your surroundings (Stealth+).
Your rubbery body absorbs attacks. (AC +1, EV +1)
((You are camouflaged when in or above water. (Stealth+)))
You have tentacles for arms and can constrict up to eight enemies at once.
Your body sometimes deteriorates upon taking damage.


Message History

You feel sick.
You climb upwards.
You feel sick.
There is a stone staircase leading down here.
You start resting.
You feel sick. x2
You are no longer poisoned.
You start resting.
HP restored.
You climb downwards.
The jelly hits you.
You are splashed with acid.
The jelly barely misses you.
There is a stone staircase leading up, spattered with blood here.
Casting: Beastly Appendage (safe; 3% risk of failure)
Confirm with . or Enter, or press ? or * to list all spells.
One of your tentacles grows a vicious spike.
You block the jelly's attack.
You tentacle-slap the jelly.
Your tentacles burn!
You pierce the jelly.
Your squeeze misses the jelly.
The jelly is moderately wounded.
The jelly hits you. The acid corrodes you!
You are splashed with acid.
You are too injured to fight recklessly!
You tentacle-slap the jelly. The acid corrodes you!
Your tentacles burn!
You pierce the jelly, but do no damage.
You squeeze the jelly!
The jelly is almost dead.
You block the jelly's attack. The ufetubus closely misses you.
You block the ufetubus's attack.
You tentacle-slap the jelly but do no damage.
Your tentacles burn!
You pierce the jelly, but do no damage.
The jelly is almost dead.
The ufetubus hits you.
Your body deteriorates!
You feel dopey. The ufetubus closely misses you. The jelly hits you.
The acid corrodes you!
You are splashed with acid!
* * * LOW HITPOINT WARNING * * *
You tentacle-slap the ufetubus. You grab the ufetubus.
You pierce the ufetubus, but do no damage.
You squeeze the ufetubus, but do no damage.
The ufetubus is heavily wounded.
You constrict the ufetubus, but do no damage.
The ufetubus hits you.
You die...

.^.....................>
..............#<........
.......#...##.#.........
..........###...........
.........?# #...........
....#.#...#.............
.####)..#.>...#.........
##.J....####..###....
#...@5....#...# ####
#.......?....##
#...#..........
...###.........# ##.
#......... # #..####...
#..# ..# ..## .#


You could see a jelly and an ufetubus.

Vanquished Creatures
  A scorpion (D:4)
  An orc priest (D:4)
  A hound (D:4)
  2 iguanas (D:4)
  2 orc wizards (D:4)
  3 gnolls (D:4)
  6 adders
  A shadow imp (D:4)
  2 ufetubi (D:4)
  3 dart slugs
  6 orcs
  4 endoplasms
  3 giant cockroaches
  11 goblins
  7 hobgoblins
  3 quokkas
  4 ball pythons
  3 bats
  3 frilled lizards
  8 kobolds
  7 rats
81 creatures vanquished.

Notes
Turn   | Place    | Note
-------+----------+-------------------------------------------
     0 | D:1      | greynaab the Octopode Transmuter began the quest for the
                  | Orb.
     0 | D:1      | Reached XP level 1. HP: 13/13 MP: 3/3
   350 | D:1      | Reached XP level 2. HP: 18/18 MP: 5/5
   355 | D:1      | Found a faded altar of an unknown god.
   864 | D:2      | Reached XP level 3. HP: 23/23 MP: 4/6
  1528 | D:3      | Found a radiant altar of Vehumet.
  1541 | D:3      | Reached skill level 1 in Shields
  1671 | D:3      | Reached XP level 4. HP: 27/28 MP: 7/7
  2111 | D:3      | Found a snail-covered altar of Cheibriados.
  2111 | D:3      | Found an iron altar of Okawaru.
  2116 | D:3      | Became a worshipper of Cheibriados the Contemplative
  2252 | D:4      | Reached XP level 5. HP: 14/33 MP: 9/9
  2542 | D:4      | Reached * piety under Cheibriados
  2546 | D:4      | Reached XP level 6. HP: 26/38 MP: 10/10
  2657 | D:4      | Learned a level 5 spell: Blade Hands
  2870 | D:4      | Gained mutation: You are clumsy. (Dex -2) [potion of
                  | mutation]
  2870 | D:4      | Gained mutation: Your body sometimes deteriorates upon
                  | taking damage. [potion of mutation]
  2870 | D:4      | Lost mutation: You are clumsy. (Dex -2) [potion of
                  | mutation]
  3155 | D:4      | Learned a level 3 spell: Spider Form
  3170 | D:5      | Entered Level 5 of the Dungeon
  3193 | D:5      | Found Maiciger's General Store.
  3251 | D:5      | Slain by an ufetubus

Illustrated notes

Levels and vault maps discovered:
D:1:      roderic_octagonal_star, layout_basic, serial_rivers,
          chequers_serial_rivers_micro_c, chequers_serial_rivers_large_b,
          chequers_serial_rivers_micro_d, chequers_serial_rivers_marsh,
          chequers_serial_rivers_micro_b, hellmonk_ecumenical_altar_run_dry,
          moated_statue, st_stairs_13, chequers_serial_rivers_small_3
D:2:      layout_basic
D:3:      layout_rooms, mainiacjoe_overflow_catwalk,
          gammafunk_temple_overflow_wave, kennysheep_big_empty_room
D:4:      minmay_diamond_boxcup, layout_rooms
D:5:      layout_rooms, serial_shops, nicolae_shop_hallway_stairs, shop, shop,
          uniq_pikel

Skill      XL: |  1  2  3  4  5  6 |
---------------+-------------------+-----
Shields        | 1 2 |  2.9
Transmutations | 3 4 |  4.0
Spellcasting   | 3 |  3.6
Unarmed Combat | 4 |  4.5
Fighting       | |  1.0
Dodging        | |  2.0

Action                     |  1- 3 |  4- 6 || total
---------------------------+-------+-------++-------
  Melee: Unarmed           |    74 |   114 ||   188
         Constrict         |    15 |    24 ||    39
         Punch             |     5 |     3 ||     8
         Tentacles         |    15 |    22 ||    37
         Kick              |     2 |    25 ||    27
  Throw: Boomerang         |       |     1 ||     1
   Cast: Beastly Appendage |     2 |     7 ||     9
    Use: Potion            |       |     4 ||     4
   Stab: Sleeping          |     6 |     6 ||    12
 Armour: Skin              |     4 |    17 ||    21
  Dodge: Dodged            |    42 |    57 ||    99
  Block: Buckler           |     6 |    21 ||    27

Table legend: (Time is in decaauts)
 A = Elapsed time spent in this place.
 B = Non-inter-level travel time spent in this place.
 C = Inter-level travel time spent in this place.
 D = Time resting spent in this place.
 E = Time spent auto-exploring this place.
 F = Levels seen in this place.
 G = Mean time per level.
                   A        B        C        D        E       F      G
               +--------+--------+--------+--------+--------+-----+--------+
         Total |   3455 |   3320 |    135 |    484 |   2120 |   5 |  691.0 |
       Dungeon |   3455 |   3320 |    135 |    484 |   2120 |   5 |  691.0 |
               +--------+--------+--------+--------+--------+-----+--------+

Top non-repeatable levels by time:
     D:4: 1163 daAuts
     D:1: 834 daAuts
     D:3: 723 daAuts
     D:2: 678 daAuts
     D:5: 55 daAuts
